 Dungeon Crawl Stone Soup version 0.19.5 (webtiles) character file.

14 doot the Sneak (level 2, 13/13 HPs)
             Began as a Spriggan Enchanter on June 5, 2017.
             Quit the game on level 1 of the Dungeon.
             The game lasted 00:02:59 (353 turns).

doot the Sneak (Spriggan Enchanter)                  Turns: 353, Time: 00:03:00

Health: 13/13      AC:  3    Str:  4    XL:     2   Next: 27%
Magic:  6/7        EV: 18    Int: 16    God:
Gold:   0          SH:  0    Dex: 16    Spells: 2 memorised, 4 levels left

rFire  . . .     SeeInvis +     a - +1 dagger
rCold  . . .     Gourm    .     b - +1 robe
rNeg   . . .     Faith    .     (shield restricted)
rPois  .         Spirit   .     (helmet restricted)
rElec  .         Reflect  .     (no cloak)
rCorr  .         Harm     .     (gloves unavailable)
MR     .....                    (boots unavailable)
Stlth  +++.......               (no amulet)
                                (no ring)
                                (no ring)

@: very quick
A: unfitting armour, see invisible, herbivore 3, speed 3, slow metabolism 2
a: no special abilities


You were on level 1 of the Dungeon.
You were not hungry.

You visited 1 branch of the dungeon, and saw 1 of its levels.

Inventory:

Hand Weapons
 a - a +1 dagger (weapon)
Armour
 b - a +1 robe (worn)
Scrolls
 e - a scroll of teleportation {unknown}
 f - a scroll of enchant weapon {unknown}
Books
 c - a book of Maledictions

   Spells                             Type                      Level
   a - Corona                         Hexes                        1
   b - Ensorcelled Hibernation        Hexes/Ice                    2
   c - Confuse                        Hexes                        3
   d - Tukima's Dance                 Hexes                        3
   e - Dazzling Spray                 Conjuration/Hexes            3
Comestibles
 d - a bread ration


   Skills:
 + Level 1.1 Short Blades
 + Level 3.1 Dodging
 + Level 4.7 Stealth
 + Level 3.0 Spellcasting
 + Level 4.0 Hexes


You had 4 spell levels left.
You knew the following spells:

 Your Spells              Type           Power        Failure   Level  Hunger
a - Corona                Hex            ###....      4%          1    #......
b - Ensorcelled Hibernat  Hex/Ice        #.....       14%         2    ##.....


Dungeon Overview and Level Annotations

Branches:
Dungeon (1/15)

Altars:


Innate Abilities, Weirdness & Mutations

You are very small and have problems with some larger weapons.
You are too small for most types of armour.
You have supernaturally acute eyesight. (SInv)
You are a herbivore.
You cover ground extremely quickly.
You need consume almost no food.


Message History

The helpless rat fails to defend itself.
You impale the rat!!
You kill the rat!
Your Spellcasting skill increases to level 3!
Found a scroll labeled RADGHE WUSTRUEPP.
The helpless ball python fails to defend itself.
You impale the ball python!!
You kill the ball python!
You see here a ball python corpse.
Found a pair of gloves.
Welcome back, doot the Spriggan Enchanter.
Press ? for a list of commands and other information.
Welcome back, doot the Spriggan Enchanter.
Press ? for a list of commands and other information.
Are you sure you want to abandon this character and quit the game? (Confirm with "yes".)
Okay, then.
Unknown command.
Unknown command.
Unknown command.
Are you sure you want to abandon this character and quit the game? (Confirm with "yes".)

.............##.........#.#......
.#####..###.(##.........'.'......
#.....# #..##.........#.#......
#.###.# #..###.......##'##..... #
###.# #..#####...###...###...
#...# #..##.#######.....##### .#
#.### #..##.#.## #..<..#
....#.#####..#...#.## ##...##
#...........†.@...# #####
#.........##.[...##
#.#.#########.#?.# #.... #.#..#
#.#.# #.#..# #.#.# #.#..# # #.#
#..[.. #. ###....


There were no monsters in sight!

Vanquished Creatures
  An ooze (D:1)
  A leopard gecko (D:1)
  A goblin (D:1)
  A hobgoblin (D:1)
  A ball python (D:1)
  3 frilled lizards (D:1)
  A kobold (D:1)
  A rat (D:1)
10 creatures vanquished.

Notes
Turn   | Place    | Note
-------+----------+-------------------------------------------
     0 | D:1      | doot the Spriggan Enchanter began the quest for the Orb.
     0 | D:1      | Reached XP level 1. HP: 9/9 MP: 5/5
    93 | D:1      | Reached XP level 2. HP: 13/13 MP: 3/6
   131 | D:1      | Learned a level 2 spell: Ensorcelled Hibernation
   353 | D:1      | Quit the game

Skill      XL: |  1  2 |
---------------+-------+-----
Hexes          | 4 |  4.0
Spellcasting   | 3 |  3.0
Short Blades   | |  1.1
Dodging        | |  3.1
Stealth        | |  4.7

Action                   || total
-------------------------++-------
Melee: Dagger            ||    26
 Cast: Corona            ||     5
 Stab: Sleeping          ||     4
Armor: Robe              ||     2
Dodge: Dodged            ||    22
